 Dungeon Crawl Stone Soup version 0.14-a0-3247-g5fd345f (webtiles) character file.

18 Bloax the Insei (level 2, 0/16 HPs)
             Began as a Vine Stalker Monk on Mar 12, 2014.
             Succumbed to an adder's poison
             ... on Level 2 of the Dungeon.
             The game lasted 00:00:49 (107 turns).

Bloax the Insei (Vine Stalker Monk)                  Turns: 107, Time: 00:00:49

HP   0/16        AC  2     Str 13      XL: 2   Next: 70%
MP   2/4         EV 15     Int 10      God:
Gold 0           SH  0     Dex 16      Spells:  0 memorised,  4 levels left

rFire  . . .     SeeInvis .       - Unarmed
rCold  . . .     Clarity  .     a - +0 robe
rNeg   . . .     Conserve .     (no shield)
rPois  .         rCorr    .     (no helmet)
rElec  .         rRot     +     (no cloak)
SustAb . .       Spirit   +     (no gloves)
rMut   .         Warding  .     (no boots)
Saprov . . .     Stasis   .     (no amulet)
MR     +....                    (no ring)
                                (no ring)

@: lethally poisoned, somewhat resistant to hostile enchantments, fairly
stealthy
A: fangs 2, hooves 1, repulsion field 1, magic resistance 1, regeneration 1,
magic shield, antimagic bite, no device heal
a: no special abilities


You were on level 2 of the Dungeon.
You were not hungry.

You visited 1 branch of the dungeon, and saw 2 of its levels.


Innate Abilities, Weirdness & Mutations

You have extremely sharp teeth.
Your natural rate of healing is unusually fast.
When hurt, damage is shared between your health and your magic reserves.
Your bite disrupts and absorbs the magic of your enemies.
Potions and wands cannot restore your HP.
You have large cloven feet.
You are surrounded by a mild repulsion field (EV +2).
You are resistant to hostile enchantments.


   Skills:
 - Level 2.6 Fighting
 - Level 2.4 Dodging
 - Level 2.4 Stealth
 + Level 4.3 Unarmed Combat
 + Level 1.6 Spellcasting


You had 4 spell levels left.
You didn't know any spells.

Dungeon Overview and Level Annotations

Branches:
Dungeon (2/15)

Altars:

Inventory:

Armour
 a - a +0 robe (worn)
Comestibles
 b - a bread ration
Scrolls
 d - a scroll of teleportation {unknown}
 e - a scroll of enchant weapon II {unknown}
Potions
 c - a potion of mutation {!q}

... #....
###########......
#................
#...<............
#.........#...... ..
#...................
#........S###.###.#
#.......(.# #.@...#
#........(# #.....##.#
###.....#.###........#
#........%......####
#.....#.####.......
#.....#.# #.......
#.....#.# #......<
.......# ####.## ..
...# .#


There were no monsters in sight!


Message History

You kill the goblin!
Your Spellcasting skill increases to level 1!
You hit the giant cockroach.
The giant cockroach is heavily wounded.
The giant cockroach closely misses you.
You hit the giant cockroach.
You kill the giant cockroach!
You have reached level 2!
You hit the adder.
The adder is lightly wounded.
The adder bites you.
You are poisoned.
The adder poisons you!
You barely miss the adder.
The adder is lightly wounded.
You feel sick. The adder bites you. The adder bites you.
You hit the adder.
The adder is heavily wounded.
The adder bites you but does no damage.
You hit the adder. You bite the adder. You drain its power.
You feel invigorated.
The adder is severely wounded.
The adder closely misses you.
You closely miss the adder.
The adder is severely wounded.
You feel sick. The adder bites you.
* * * LOW HITPOINT WARNING * * *
You are lethally poisoned!
The adder poisons you!
You hit the adder.
You kill the adder!
* * * LOW HITPOINT WARNING * * *
You feel sick.
You hit the kobold.
The kobold is heavily wounded.
* * * LOW HITPOINT WARNING * * *
You feel sick. The kobold misses you.
You completely miss the kobold.
The kobold is heavily wounded.
The kobold barely misses you.
You closely miss the kobold.
The kobold is heavily wounded.
* * * LOW HITPOINT WARNING * * *
You feel sick.
You hit the kobold but do no damage.
The kobold is heavily wounded.
The kobold hits you.
* * * LOW HITPOINT WARNING * * *
You barely miss the kobold. You bite the kobold. You drain its power.
You feel invigorated.
You kill the kobold!
* * * LOW HITPOINT WARNING * * *
You feel sick.
Things that are here:
a kobold corpse; an adder corpse; a club
* * * LOW HITPOINT WARNING * * *
You feel sick.
* * * LOW HITPOINT WARNING * * *
You feel sick.
Found a stone staircase leading up.
* * * LOW HITPOINT WARNING * * *
You feel sick.
You see here a scroll labeled MOELELOAXU.
e - a scroll labeled MOELELOAXU Drink which item? (? for menu, Esc to quit)
You feel extremely strange.
You begin to radiate repulsive energy.
Your feet thicken and deform.
You feel resistant to hostile enchantments.
It was a potion of mutation.
You die...

Action                   || total
-------------------------++-------
Melee: Unarmed           ||    27
  Use: Potion            ||     1

Vault maps used:
D:1:      scummos_arrival_checkerplants, minmay_gold_behind_plants,
          dk_noncrumbling_3, st_stairs_13

Notes
Turn   | Place    | Note
--------------------------------------------------------------
     0 | D:1      | Bloax, the Vine Stalker Monk, began the quest for the Orb.
     0 | D:1      | Reached XP level 1. HP: 11/11 MP: 1/1
    87 | D:2      | Reached skill level 1 in Spellcasting
    89 | D:2      | Reached XP level 2. HP: 16/16 MP: 2/4
    99 | D:2      | HP: 4/16 [kobold (3)]
   103 | D:2      | HP: 1/16 [poisoned by an adder]
   107 | D:2      | Gained mutation: You are surrounded by a mild repulsion field (EV +2). [potion of mutation]
   107 | D:2      | Gained mutation: You have large cloven feet. [potion of mutation]
   107 | D:2      | Gained mutation: You are resistant to hostile enchantments. [potion of mutation]
   107 | D:2      | Succumbed to an adder's poison

Vanquished Creatures
  An adder (D:2)
  2 giant cockroaches
  A goblin (D:2)
  2 kobolds
  A giant newt (D:1)
  A rat (D:1)
8 creatures vanquished.
